 Dungeon Crawl Stone Soup version 0.21.0-24-g2553a3340b (webtiles) character file.

1416 zetsub0u the Cudgeler (level 8, -4/62 HPs)
             Began as a Hill Orc Fighter on Jan 20, 2018.
             Was an Initiate of Gozag.
             Slain by Morbeogh the orc warrior
             ... wielding a +0 short sword
             ... created by the wrath of Beogh
              (14 damage)
             ... on level 6 of the Dungeon.
             The game lasted 00:13:31 (5076 turns).

zetsub0u the Cudgeler (Hill Orc Fighter)            Turns: 5076, Time: 00:13:32

Health: -4/62      AC:  7    Str: 24 (25) XL:     8   Next: 71%
Magic:  8/8        EV:  8    Int:  8      God:    Gozag
Gold:   201        SH: 10    Dex: 10 (11) Spells: 7/7 levels left

rFire    . . .     SeeInvis +   e - +1 whip (freeze)
rCold    . . .     Gourm    .   c - +0 shield
rNeg     . . .     Faith    .   b - +0 scale mail
rPois    .         Spirit   .   (no helmet)
rElec    +         Reflect  .   (no cloak)
rCorr    .         Harm     .   (no gloves)
MR       .....                  (no boots)
Stlth    ..........             k - amulet of magic regeneration
HPRegen  0.20/turn              (no ring)
MPRegen  0.36/turn              (no ring)

@: mighty, slowed, drained, very slow
A: see invisible, deterioration 1, frail 1, electricity resistance
a: Potion Petition, Call Merchant, Bribe Branch, Renounce Religion


You were on level 6 of the Dungeon.
You worshipped Gozag.
Gozag was aware of your devotion.
You were not hungry.

You visited 2 branches of the dungeon, and saw 6 of its levels.

You collected 263 gold pieces.
You paid 62 gold pieces to Gozag.

Inventory:

Hand Weapons
 a - a +0 flail
 e - a +1 whip of freezing (weapon)
Armour
 b - a +0 scale mail (worn)
 c - a +0 shield (worn)
Jewellery
 k - an amulet of magic regeneration (around neck)
Scrolls
 g - a scroll of identify
 i - 2 scrolls of teleportation
 l - a scroll of amnesia
 m - a scroll of magic mapping
Potions
 n - a potion of curing
Books
 h - a book of Misfortune

   Spells                             Type                      Level
   a - Confusing Touch                Hexes                        1
   b - Confuse                        Hexes                        3
   c - Gell's Gravitas                Translocation                3
   d - Petrify                        Transmutation/Earth          4
   e - Metabolic Englaciation         Hexes/Ice                    5
   f - Yara's Violent Unravelling     Hexes/Transmutation          5
Comestibles
 f - 4 rations


   Skills:
 + Level 5.5(5.1) Fighting
 + Level 7.6(7.2) Maces & Flails
 + Level 6.7(6.3) Armour
 + Level 1.8(1.5) Dodging
 + Level 0.5(0.2) Stealth
 + Level 5.3(4.9) Shields


You had 7 spell levels left.
You didn't know any spells.

Dungeon Overview and Level Annotations

Branches:
Dungeon (6/15)             Temple (1/1) D:5

Altars:
Cheibriados
Gozag
Hepliaklqana
Makhleb
Okawaru
Qazlal
Trog
Uskayaw
The Shining One


Innate Abilities, Weirdness & Mutations

You have supernaturally acute eyesight. (SInv)
Your body sometimes deteriorates upon taking damage.
You are frail. (-10% HP)
You are resistant to electric shocks. (rElec)


Message History

Morbeogh is severely wounded.
Morbeogh completely misses you. You block the orc wizard's attack.
Morbeogh hits you but does no damage.
Items here: )) [[ an enchanted trident; a robe; an enchanted flail; a robe You feel very mighty all of a sudden.
You closely miss the orc wizard. Morbeogh hits you with a short sword!
* * * LOW HITPOINT WARNING * * *
Your body deteriorates!
You feel weakened.
You closely miss Morbeogh.
Morbeogh is severely wounded.
You block the orc wizard's attack. Morbeogh barely misses you.
The orc suddenly complains.
The orc wizard hits you with a dagger.
* * * LOW HITPOINT WARNING * * *
The orc hits you with a falchion.
* * * LOW HITPOINT WARNING * * *
Morbeogh hits you with a short sword!
You die...
Your body crumbles into a pile of gold.

#.# #.# #.# # #.#
#.#.# #.#.###.#..
#..........
###o###!#..
#.o@.......
###.#o###$...
#...#.# ..
#.###!# .. #.#
#.. #.#
###.#####.
#.#####.........#
#.#........######
####.#..<.....##


You could see Morbeogh the orc warrior, an orc wizard (invisible) and an orc.

Vanquished Creatures
  Pikel (D:5)
  2 phantoms (D:4)
  A centaur (D:5)
  A scorpion (D:4)
  5 wights (D:6)
  A hound (D:4)
  2 orc priests
  3 orc wizards
  A centaur skeleton (D:4)
  A worker ant (D:4)
  A worker ant zombie (D:5)
  11 adders
  A shadow imp (D:5)
  3 oozes
  3 worms
  3 dart slugs
  2 leopard geckos
  9 orcs
  7 bats
  4 giant cockroaches
  9 goblins
  5 hobgoblins
  2 jackals (D:5)
  9 kobolds
  3 quokkas
  2 ball pythons
  A ball python skeleton (D:4)
  2 frilled lizards
  2 quokka skeletons
  4 rats
101 creatures vanquished.

Vanquished Creatures (others)
  A sky beast (D:5)
  A centaur (D:5)
  An orc priest (D:4)
  A hound (D:4)
  A worker ant (D:4)
  An adder (D:4)
  A bush (D:5)
7 creatures vanquished.

Grand Total: 108 creatures vanquished

Notes
Turn   | Place    | Note
-------+----------+-------------------------------------------
     0 | D:1      | zetsub0u the Hill Orc Fighter began the quest for the Orb.
     0 | D:1      | Reached XP level 1. HP: 19/19 MP: 1/1
   265 | D:1      | Reached XP level 2. HP: 19/27 MP: 2/2
   696 | D:1      | Reached XP level 3. HP: 27/33 MP: 3/3
  1039 | D:2      | Found an iron altar of Okawaru.
  1075 | D:2      | Reached skill level 3 in Maces & Flails
  1145 | D:2      | Reached XP level 4. HP: 30/40 MP: 4/4
  1444 | D:2      | Found a hide-covered altar of Uskayaw.
  1652 | D:2      | Reached XP level 5. HP: 24/46 MP: 5/5
  2236 | D:2      | You fall through a shaft for 2 floors!
  2261 | D:4      | Reached skill level 4 in Maces & Flails
  2267 | D:4      | Found a snail-covered altar of Cheibriados.
  2271 | D:4      | Noticed a phantom
  2295 | D:4      | Killed a phantom
  2295 | D:4      | Reached XP level 6. HP: 20/53 MP: 6/6
  2563 | D:4      | Became a worshipper of Beogh the Brigand
  2579 | D:4      | Reached skill level 5 in Maces & Flails
  2933 | D:4      | Reached skill level 5 in Armour
  3137 | D:4      | Noticed a phantom
  3160 | D:4      | Killed a phantom
  3160 | D:4      | Reached XP level 7. HP: 38/60 MP: 7/7
  3317 | D:5      | Entered Level 5 of the Dungeon
  3330 | D:5      | Reached skill level 1 in Dodging
  3788 | D:5      | Found a stormy altar of Qazlal.
  3795 | D:5      | Reached * piety under Beogh
  3838 | D:5      | Noticed Pikel
  3864 | D:5      | Killed Pikel
  3864 | D:5      | Reached skill level 5 in Fighting
  3864 | D:5      | Reached skill level 6 in Maces & Flails
  3864 | D:5      | Reached skill level 5 in Shields
  3864 | D:5      | Reached XP level 8. HP: 42/68 MP: 8/8
  3870 | D:5      | Reached skill level 7 in Maces & Flails
  4442 | D:5      | Gained mutation: Your body sometimes deteriorates upon taking damage. [potion of mutation]
  4442 | D:5      | Gained mutation: You have supernaturally acute eyesight. (SInv) [potion of mutation]
  4442 | D:5      | Gained mutation: You are frail. (-10% HP) [potion of mutation]
  4442 | D:5      | Gained mutation: You are resistant to electric shocks. (rElec) [potion of mutation]
  4598 | D:5      | Found a staircase to the Ecumenical Temple.
  4607 | Temple   | Entered the Ecumenical Temple
  4615 | Temple   | Fell from the grace of Beogh
  4615 | Temple   | Became a worshipper of Gozag Ym Sagoz the Greedy
  5076 | D:6      | Slain by Morbeogh the orc warrior

Skill      XL: |  1  2  3  4  5  6  7  8 |
---------------+-------------------------+-----
Maces & Flails | 3 4 5 6 7 |  7.6
Armour         | 4 5 6 |  6.7
Shields        | 4 5 |  5.3
Fighting       | 4 5 |  5.5
Dodging        | 1 |  1.8
Stealth        | |  0.5

Action                   |  1- 3 |  4- 6 |  7- 9 || total
-------------------------+-------+-------+-------++-------
Melee: Flail             |   143 |   175 |    96 ||   414
       Whip              |       |       |    83 ||    83
Invok: Convert to Beogh  |       |     1 |       ||     1
  Use: Scroll            |     4 |     5 |     3 ||    12
       Potion            |     5 |     1 |     8 ||    14
  Eat: Ration            |     1 |     1 |     1 ||     3
       Chunk             |       |     1 |     3 ||     4
Armor: Scale mail        |    78 |    90 |    51 ||   219
Dodge: Dodged            |    58 |    49 |    53 ||   160
Block: Shield            |    98 |   100 |    67 ||   265
